AoeStats
← PK_-_93

Arena

508614979Analyzed
4v4 RM · 9d ago on Sep 23, 2026· 39m 2s· 8 players
Game mode
Random Map
Map size
Large (8 player)
Population
200
Speed
Normal
Resources
Standard
Victory
Conquest
Starting age
Dark Age
Ending age
Imperial Age
RankedLock teamsTeams togetherTeam positionsShared explorationLock speedFull tech treeHidden civsTurbo modeCheats
Victory
Defeat
🇺🇸 Danes · United States
886
+18
🇩🇪 Japanese · Germany
880
+19
🇹🇷 Hindustanis · Türkiye
825
+21
🇨🇦 Saxons · Canada
814
+21
🇦🇺 Byzantines · Australia
966
-21
🇹🇷 Italians · Türkiye
951
-20
🇮🇳 Danes · India
941
-20
🇮🇳 Varangians · India
880
-18
PK_-_93
10:33 Feudal Age
11:03 Double-Bit Axe
12:41 Stone Mining
18:45 Castle Age
20:48 Wheelbarrow
20:42 Bow Saw
21:43 Gold Mining
26:56 Hand Cart
28:30 Town Watch
29:03 Forging
28:54 Scale Mail Armor
28:44 Fletching
31:09 Ballistics
31:26 Iron Casting
31:07 Chain Mail Armor
37:13 Imperial Age
36:16 Gambesons
36:33 Squires
36:19 Arson
36:32 Bodkin Arrow
36:39 Horse Collar
SIR DAGGY
10:26 Feudal Age
10:51 Double-Bit Axe
15:49 Castle Age
16:00 Loom
15:57 Horse Collar
17:46 Bow Saw
19:29 Wheelbarrow
22:40 Heavy Plow
24:09 Hand Cart
24:33 Stone Mining
26:47 Stone Shaft Mining
26:04 Gold Mining
29:17 Gold Shaft Mining
31:48 Imperial Age
30:29 Scale Mail Armor
30:40 Forging
30:32 Hamask
31:39 Chain Mail Armor
30:58 Pikeman
31:38 Squires
32:07 Squires
31:53 Arson
32:54 Iron Casting
31:52 Elite Varangian Guard
32:20 Capped Ram
33:30 Conscription
33:15 Siege Ram
33:18 Northmen's Fury
36:49 Plate Mail Armor
37:19 Blast Furnace
36:04 Pikeman
John
10:21 Feudal Age
14:54 Castle Age
14:37 Double-Bit Axe
15:14 Gold Mining
16:36 Bow Saw
16:58 Gambesons
18:21 Loom
18:40 Squires
21:26 Horse Collar
24:55 Redemption
26:30 Stone Mining
27:10 Scale Mail Armor
29:03 Wheelbarrow
29:01 Sanctity
30:27 Arson
30:55 Forging
31:21 Atonement
34:55 Imperial Age
33:28 Hand Cart
34:17 Iron Casting
33:57 Chain Mail Armor
36:04 Conscription
35:08 Clerical Recruitment
35:49 Elite Varangian Guard
36:30 Elite Hearth Troop
37:21 Shield Wall
38:35 Plate Mail Armor
39:27 Theocracy
39:09 Block Printing
39:20 Illumination
sonsehzadee
10:12 Feudal Age
17:56 Castle Age
16:40 Horse Collar
16:48 Double-Bit Axe
17:12 Stone Mining
17:14 Gold Mining
21:13 Wheelbarrow
22:05 Heavy Plow
24:35 Hand Cart
25:06 Stone Shaft Mining
24:54 Bow Saw
26:43 Loom
28:31 Gold Shaft Mining
33:02 Imperial Age
30:50 Husbandry
30:55 Grand Trunk Road
31:47 Bloodlines
33:33 Scale Barding Armor
33:39 Forging
33:05 Heavy Camel Rider
34:45 Chain Barding Armor
35:52 Conscription
36:17 Iron Casting
35:27 Imperial Camel Rider
37:58 Plate Barding Armor
38:24 Blast Furnace
King Feet
2:07 Loom
10:50 Feudal Age
14:50 Castle Age
15:12 Wheelbarrow
14:57 Stone Mining
King of Negev
7:24 Loom
9:32 Feudal Age
10:00 Horse Collar
Ninja-Rio
11:39 Feudal Age
Great
11:37 Feudal Age
16:28 Castle Age
15:34 Double-Bit Axe
15:31 Horse Collar
17:25 Bow Saw
24:31 Wheelbarrow
25:58 Hand Cart
25:42 Gold Mining
27:01 Loom
27:21 Heavy Plow
30:26 Imperial Age
28:20 Ballistics
29:29 Scale Mail Armor
29:38 Stone Mining
30:26 Gold Shaft Mining
29:38 Pikeman
30:19 Squires
30:38 Chain Mail Armor
32:13 Chemistry
31:48 Plate Mail Armor
31:33 Halberdier
32:30 Forging
32:38 Fortified Wall
33:49 Iron Casting
33:47 Crop Rotation
34:19 Two-Man Saw
35:26 Stone Shaft Mining
35:13 Scale Barding Armor
36:04 Conscription
37:34 Chain Barding Armor
38:25 Fletching
38:00 Elite Cataphract
Connection lost

Rejoining the realm…

Still unreachable

The connection could not be restored.

Session expired

The server has moved on; the page needs a fresh start.